[Event "Delancey UK Schools 2019 U14"]
[Site "Daventry"]
[Date "2019.09.24"]
[Round "1.1"]
[White "Ratnesan, Ranesh"]
[Black "Ismail, Mohammed Aayan"]
[Result "1-0"]
[ECO "E38"]
[WhiteElo "2180"]
[BlackElo "1583"]
[Annotator "ChessBase"]
[PlyCount "143"]
[EventDate "2019.09.24"]
[EventCountry "GBR"]
[SourceTitle "playchess.com"]
[Source "ChessBase"]
[SourceQuality "1"]
[TimeControl "40/5400+30:1800+30"]

1. d4 Nf6 2. c4 e6 3. Nc3 Bb4 4. Qc2 c5 5. dxc5 Bxc5 6. Nf3 h6 7. a3 a5 8. Bf4 Na6 9. e3 Qe7 10. h3 d6 11. Be2 e5 12. Bh2 Be6 13. O-O O-O 14. Rfd1 Rfd8 15. Rac1 Bd7 16. Nh4 Bc6 17. Nf5 Qf8 18. Bg3 Nc7 19. Bh4 Nce8 20. Nd5 Bxd5 21. cxd5 g6 22. Bxf6 Nxf6 23. Ng3 Rac8 24. Qa4 Ra8 25. Bb5 Qe7 26. Rc2 h5 27. Ne2 Bb6 28. Nc3 Nd7 29. Bxd7 Qxd7 30. Qh4 f5 31. Rdc1 Re8 32. Na4 Bd8 33. Qg3 Qxa4 34. Qxg6+ Kh8 35. Qxh5+ Kg7 36. Qf3 Qd7 37. Rc4 Rg8 38. Kh1 Kf6 39. Rh4 Rg6 40. Qh5 Qg7 41. g4 fxg4 42. hxg4 Rg5 43. Qh6+ Qxh6 44. Rxh6+ Rg6 45. Rxg6+ Kxg6 46. Kg2 Bb6 47. Kg3 Rh8 48. Rc3 Rh7 49. f4 exf4+ 50. exf4 Re7 51. Kf3 Rc7 52. Rb3 Ba7 53. Rb5 b6 54. Rb3 Rc5 55. Rd3 Rc2 56. Re3 Bb8 57. b3 Kf6 58. Ke4 Rc8 59. g5+ Kg6 60. Rh3 Re8+ 61. Kf3 Rf8 62. Kg4 Kg7 63. Rc3 Kg6 64. Rc6 b5 65. Rb6 a4 66. b4 Ba7 67. Rxd6+ Kg7 68. f5 Rf7 69. g6 Rc7 70. Re6 Rd7 71. d6 Bb8 72. Re7+ 1-0

[Event "Delancey UK Schools 2019 U14"]
[Site "Daventry"]
[Date "2019.09.24"]
[Round "1.2"]
[White "Britnell, Jonathan"]
[Black "Balaji, Aaravamudhan"]
[Result "0-1"]
[ECO "C45"]
[WhiteElo "1650"]
[BlackElo "2086"]
[Annotator "NA"]
[PlyCount "102"]
[EventDate "2019.09.24"]
[EventCountry "GBR"]
[SourceTitle "playchess.com"]
[Source "ChessBase"]
[SourceQuality "1"]
[TimeControl "40/5400+30:1800+30"]

1. e4 e5 2. Nf3 Nc6 3. d4 exd4 4. Nxd4 Nf6 5. Nxc6 bxc6 6. e5 Qe7 7. Qe2 Nd5 8. c4 Nb6 9. Nc3 Qe6 10. Qe4 g6 11. Bd3 Bg7 12. f4 O-O 13. O-O d6 14. c5 Nd5 15. cxd6 cxd6 16. exd6 Nxc3 17. bxc3 Bxc3 18. Rb1 Qxd6 19. Qf3 Be6 20. f5 Bxa2 21. Rb7 Rad8 22. Bc2 Bd4+ 23. Kh1 Bc4 24. Re1 Rfe8 25. Bd2 Rxe1+ 26. Bxe1 Re8 27. Bg3 Qd5 28. Qg4 Be2 29. Qg5 Bf1 30. Qd2 Bb6 31. Qxd5 cxd5 32. Bd1 Bb5 33. fxg6 hxg6 34. Rb8 Rxb8 35. Bxb8 a5 36. Bd6 Kg7 37. h3 Kf6 38. Kh2 Ke6 39. Ba3 d4 40. Bb3+ Ke5 41. Bxf7 Kf6 42. Bb3 Be2 43. Bb2 Kf5 44. Kg3 d3 45. Bc1 Ke4 46. h4 Be3 47. Bd5+ Kd4 48. Bxe3+ Kxe3 49. Bb3 d2 50. Kh3 d1=Q 51. Bxd1 Bxd1 0-1

[Event "Delancey UK Schools 2019 U14"]
[Site "Daventry"]
[Date "2019.09.24"]
[Round "1.3"]
[White "Saidmurodov, Shahjahon"]
[Black "Woltery, Nicolai"]
[Result "1-0"]
[ECO "B23"]
[WhiteElo "1782"]
[BlackElo "1864"]
[Annotator "NA"]
[PlyCount "115"]
[EventDate "2019.09.24"]
[EventCountry "GBR"]
[SourceTitle "playchess.com"]
[Source "ChessBase"]
[SourceQuality "1"]
[TimeControl "40/5400+30:1800+30"]

1. e4 c5 2. Nc3 Nc6 3. d3 g6 4. Be3 d6 5. d4 cxd4 6. Bxd4 Nxd4 7. Qxd4 Nf6 8. e5 dxe5 9. Bb5+ Bd7 10. Qxe5 a6 11. Bxd7+ Qxd7 12. Nf3 Bg7 13. Rd1 Qg4 14. O-O O-O 15. Qxe7 Rfe8 16. Qc5 Rac8 17. Qd4 Qf5 18. Qd3 Qa5 19. Rfe1 Red8 20. Qe3 b5 21. Rxd8+ Rxd8 22. Qc5 Bf8 23. Qg5 Rd6 24. h3 h6 25. Qe5 Re6 26. Qd4 Rxe1+ 27. Nxe1 Bg7 28. Nd3 Qc7 29. Qc5 Qxc5 30. Nxc5 b4 31. N3a4 a5 32. Nb3 Ne4 33. Nxa5 Bd4 34. Nc6 Bxf2+ 35. Kf1 Bg3 36. Nxb4 Bd6 37. Nd5 Kf8 38. Nac3 Nd2+ 39. Ke2 Nc4 40. Nd1 Be5 41. a4 Nxb2 42. Nxb2 Bxb2 43. a5 Bd4 44. Kd3 Ba7 45. c4 Ke8 46. Nc7+ Kd7 47. Nb5 Bc5 48. a6 Kc6 49. Ke4 Kb6 50. a7 Kb7 51. Kd5 Bxa7 52. Nxa7 Kxa7 53. Kc6 f5 54. Kd7 g5 55. c5 h5 56. c6 g4 57. c7 f4 58. c8=Q 1-0

[Event "Delancey UK Schools 2019 U14"]
[Site "Daventry"]
[Date "2019.09.24"]
[Round "1.4"]
[White "Dicen, Imogen"]
[Black "Yoon, Jacob D"]
[Result "1/2-1/2"]
[ECO "B40"]
[WhiteElo "1509"]
[BlackElo "2086"]
[Annotator "NA"]
[PlyCount "61"]
[EventDate "2019.09.24"]
[EventCountry "GBR"]
[SourceTitle "playchess.com"]
[Source "ChessBase"]
[SourceQuality "1"]
[TimeControl "40/5400+30:1800+30"]

1. e4 c5 2. Nf3 e6 3. Nc3 a6 4. Be2 Qc7 5. d3 Nc6 6. Be3 Nf6 7. Qd2 d5 8. exd5 exd5 9. d4 cxd4 10. Nxd4 Be6 11. Bf4 Bd6 12. Bxd6 Qxd6 13. Rd1 O-O 14. O-O Rad8 15. Rfe1 Ne5 16. f3 b5 17. a3 Nfd7 18. Kh1 Nb6 19. Qc1 Nbc4 20. Nb1 Rfe8 21. b3 Na5 22. Qb2 Nac6 23. c3 Nxd4 24. Rxd4 Nc6 25. Rd2 Qf4 26. Red1 h5 27. Qc2 d4 28. cxd4 Rxd4 29. Qxc6 Red8 30. Rxd4 Rxd4 31. Qc1 1/2-1/2

[Event "Delancey UK Schools 2019 U14"]
[Site "Daventry"]
[Date "2019.09.24"]
[Round "1.5"]
[White "Sheikh, Anum"]
[Black "Sheikh, Samia Zannat"]
[Result "1/2-1/2"]
[ECO "B70"]
[WhiteElo "1755"]
[BlackElo "1512"]
[Annotator "NA"]
[PlyCount "109"]
[EventDate "2019.09.24"]
[EventCountry "GBR"]
[SourceTitle "playchess.com"]
[Source "ChessBase"]
[SourceQuality "1"]
[TimeControl "40/5400+30:1800+30"]

1. e4 c5 2. Nf3 g6 3. d4 cxd4 4. Nxd4 Nf6 5. Nc3 d6 6. Be2 Bg7 7. O-O O-O 8. Nb3 Nc6 9. Bg5 a6 10. a4 Bd7 11. f4 Qb6+ 12. Kh1 Nb4 13. e5 Nh5 14. Bxe7 Rfe8 15. Bxd6 Rad8 16. g4 Bc6+ 17. Bf3 Nxf4 18. a5 Qa7 19. Bxc6 Nxc6 20. Qf3 Nxe5 21. Qxf4 Rxd6 22. Ne4 Rc6 23. c3 Rce6 24. Nd4 R6e7 25. g5 Nd3 26. Nf6+ Bxf6 27. Qxf6 Nxb2 28. h4 Qb8 29. h5 Qe5 30. hxg6 hxg6 31. Qxe5 Rxe5 32. Rab1 Nc4 33. Rxb7 R5e7 34. Rxe7 Rxe7 35. Rf6 Re5 36. Rxa6 Nxa5 37. Nf3 Rf5 38. Kg2 Nc4 39. Kg3 Ne5 40. Nxe5 Rxe5 41. Kf4 Rc5 42. Ra3 Kf8 43. Ra8+ Ke7 44. Ra7+ Ke6 45. Ra6+ Ke7 46. Ra7+ Kf8 47. Ra8+ Kg7 48. Ra3 Rf5+ 49. Kg4 Kf8 50. c4 Ke7 51. Rf3 Rc5 52. Rc3 Kd6 53. Rd3+ Ke5 54. Re3+ Kd6 55. Rd3+ 1/2-1/2

[Event "Delancey UK Schools 2019 U14"]
[Site "Daventry"]
[Date "2019.09.24"]
[Round "1.7"]
[White "Akeya-Price, Robert"]
[Black "Wang, Susie"]
[Result "1/2-1/2"]
[ECO "A77"]
[WhiteElo "1892"]
[BlackElo "1515"]
[Annotator "NA"]
[PlyCount "108"]
[EventDate "2019.09.24"]
[EventCountry "GBR"]
[SourceTitle "playchess.com"]
[Source "ChessBase"]
[SourceQuality "1"]
[TimeControl "40/5400+30:1800+30"]

1. d4 Nf6 2. c4 c5 3. d5 e6 4. Nc3 exd5 5. cxd5 d6 6. e4 g6 7. Nf3 Bg7 8. Nd2 a6 9. a4 O-O 10. Be2 Re8 11. O-O Nbd7 12. Qc2 Qe7 13. f3 Nh5 14. Nb3 f5 15. g4 fxg4 16. fxg4 Nhf6 17. Bg5 h6 18. Bf4 g5 19. Bg3 Nxe4 20. Nxe4 Qxe4 21. Qxe4 Rxe4 22. Bf3 Re3 23. Nd2 Bxb2 24. Nc4 Rxf3 25. Nxb2 Rxf1+ 26. Rxf1 Ne5 27. h3 b5 28. axb5 axb5 29. Bxe5 dxe5 30. Nd3 c4 31. Nxe5 Bb7 32. d6 Ra2 33. Rb1 Rg2+ 34. Kf1 Rd2 35. Rxb5 Bg2+ 36. Ke1 Rxd6 37. Nxc4 Re6+ 38. Kf2 Bxh3 39. Rb8+ Kf7 40. Ne3 Re4 41. Rb7+ Kg6 42. Rb6+ Kg7 43. Rb7+ Kf8 44. Rb8+ Ke7 45. Rb7+ Kd8 46. Kf3 Re6 47. Rb8+ Kc7 48. Rb5 Rf6+ 49. Kg3 Kc6 50. Re5 Bf1 51. Rf5 Rxf5 52. Nxf5 Bd3 53. Nxh6 Kd5 54. Nf7 Be2 1/2-1/2

[Event "Delancey UK Schools 2019 U14"]
[Site "Daventry"]
[Date "2019.09.24"]
[Round "1.8"]
[White "Korsinskij, Nikolas"]
[Black "Hosdurga, Chirag"]
[Result "0-1"]
[ECO "B33"]
[WhiteElo "1502"]
[BlackElo "1786"]
[Annotator "NA"]
[PlyCount "64"]
[EventDate "2019.09.24"]
[EventCountry "GBR"]
[SourceTitle "playchess.com"]
[Source "ChessBase"]
[SourceQuality "1"]
[TimeControl "40/5400+30:1800+30"]

1. e4 c5 2. Nf3 Nc6 3. d4 cxd4 4. Nxd4 Qb6 5. Nb3 Nf6 6. Nc3 e6 7. Be3 Qc7 8. Nb5 Qb8 9. Bc5 Bxc5 10. Nxc5 b6 11. Nd6+ Ke7 12. e5 bxc5 13. Nxc8+ Rxc8 14. exf6+ gxf6 15. b3 Qe5+ 16. Be2 Nd4 17. Rc1 c4 18. c3 Nxe2 19. Qxe2 cxb3 20. Qxe5 fxe5 21. axb3 Rab8 22. b4 Rxb4 23. Kd2 Rb2+ 24. Ke3 d5 25. Rhd1 a5 26. Rd2 Rb3 27. Kd3 Rc4 28. Ra2 a4 29. Kd2 Kd6 30. Rca1 Rbxc3 31. Rxa4 Rc2+ 32. Ke3 R4c3# 0-1

[Event "Delancey UK Schools 2019 U14"]
[Site "Daventry"]
[Date "2019.09.24"]
[Round "1.9"]
[White "Cox, Toby"]
[Black "Headlong, Georgia"]
[Result "1-0"]
[ECO "C36"]
[WhiteElo "1616"]
[BlackElo "1464"]
[Annotator "NA"]
[PlyCount "67"]
[EventDate "2019.09.24"]
[EventCountry "GBR"]
[SourceTitle "playchess.com"]
[Source "ChessBase"]
[SourceQuality "1"]
[TimeControl "40/5400+30:1800+30"]

1. e4 e5 2. f4 d5 3. exd5 exf4 4. Nf3 Nf6 5. Bb5+ c6 6. dxc6 Nxc6 7. d4 Bd6 8. Qe2+ Be6 9. Ng5 O-O 10. Nxe6 fxe6 11. Bxc6 bxc6 12. O-O Re8 13. Bxf4 Rb8 14. c3 Bxf4 15. Rxf4 Qb6 16. Rf2 c5 17. dxc5 Qxc5 18. c4 Rb6 19. Nc3 Reb8 20. Na4 Qd4 21. Rd1 Qh4 22. Nxb6 Ng4 23. Qxe6+ Kh8 24. g3 Qh5 25. Qd6 Qe8 26. Re2 Qg8 27. Red2 Rxb6 28. Qxb6 axb6 29. Rd8 Ne3 30. Rxg8+ Kxg8 31. Rd6 Nxc4 32. Rc6 Nxb2 33. Rxb6 Kf7 34. Rxb2 1-0

[Event "Delancey UK Schools 2019 U14"]
[Site "Daventry"]
[Date "2019.09.24"]
[Round "1.10"]
[White "Anika Rachna Roy"]
[Black "Volovich, Julia"]
[Result "0-1"]
[ECO "A87"]
[WhiteElo "1392"]
[BlackElo "1743"]
[Annotator "NA"]
[PlyCount "50"]
[EventDate "2019.09.24"]
[EventCountry "GBR"]
[SourceTitle "playchess.com"]
[Source "ChessBase"]
[SourceQuality "1"]
[TimeControl "40/5400+30:1800+30"]

1. d4 f5 2. g3 Nf6 3. Bg2 g6 4. Nf3 Bg7 5. O-O O-O 6. c4 d6 7. Nc3 Qe8 8. Qc2 e5 9. dxe5 dxe5 10. e4 Nc6 11. Re1 Be6 12. Nd5 Rc8 13. Nxf6+ Bxf6 14. Ng5 Nd4 15. Qc3 Bxg5 16. Bxg5 Qf7 17. exf5 Qxf5 18. Bf4 exf4 19. Qxd4 f3 20. Bxf3 Qxf3 21. Rxe6 Rcd8 22. Qe3 Qf5 23. Re5 Qc2 24. c5 Rd3 25. Qe1 Rd2 0-1

[Event "Delancey UK Schools 2019 U14"]
[Site "Daventry"]
[Date "2019.09.24"]
[Round "1.11"]
[White "Bansal, Saahil"]
[Black "Saunders, Aron"]
[Result "1-0"]
[ECO "D96"]
[WhiteElo "1655"]
[BlackElo "1428"]
[Annotator "NA"]
[PlyCount "122"]
[EventDate "2019.09.24"]
[EventCountry "GBR"]
[SourceTitle "playchess.com"]
[Source "ChessBase"]
[SourceQuality "1"]
[TimeControl "40/5400+30:1800+30"]

1. d4 Nf6 2. c4 g6 3. Nc3 d5 4. Nf3 Bg7 5. Qb3 Be6 6. Qxb7 Nbd7 7. cxd5 Rb8 8. Qc6 Rb6 9. Qc4 Bf5 10. Bf4 Rxb2 11. Nh4 Nb6 12. Qxc7 Qxc7 13. Bxc7 Nbxd5 14. Nxd5 Nxd5 15. Be5 O-O 16. Nxf5 gxf5 17. Bxg7 Kxg7 18. e3 Rfb8 19. Bd3 f4 20. O-O fxe3 21. fxe3 Nxe3 22. Rf3 Nc2 23. Raf1 f6 24. Rg3+ Kf7 25. Bc4+ Ke8 26. Be6 Kd8 27. d5 Kc7 28. Rc3+ Kb6 29. Rc6+ Ka5 30. Rc1 Nd4 31. R6c5+ R8b5 32. Bd7 Ne2+ 33. Kf1 Nxc1 34. Bxb5 Rxb5 35. Rxc1 Rxd5 36. Rc7 Kb6 37. Rxe7 h5 38. Re6+ Kc5 39. Rxf6 Rd2 40. Rf5+ Kd6 41. Ra5 Ke6 42. Rxa7 Kf5 43. Rf7+ Kg6 44. Rf2 Rd4 45. Ke1 Ra4 46. Rb2 Rh4 47. h3 Rf4 48. a3 Ra4 49. Rb3 Ra5 50. Kd2 Rg5 51. g3 Ra5 52. Kc2 Kf5 53. Kc3 Ra8 54. Rb5+ Kg6 55. Kb4 h4 56. gxh4 Kf6 57. a4 Ke6 58. Rb6+ Kd5 59. Kb5 Rh8 60. a5 Rxh4 61. a6 Rxh3 1-0

[Event "Delancey UK Schools 2019 U14"]
[Site "Daventry"]
[Date "2019.09.24"]
[Round "1.12"]
[White "Jayanthi, Harshita"]
[Black "Kan, Toby"]
[Result "0-1"]
[ECO "A48"]
[WhiteElo "1217"]
[BlackElo "1714"]
[Annotator "NA"]
[PlyCount "66"]
[EventDate "2019.09.24"]
[EventCountry "GBR"]
[SourceTitle "playchess.com"]
[Source "ChessBase"]
[SourceQuality "1"]
[TimeControl "40/5400+30:1800+30"]

1. d4 Nf6 2. Bf4 b6 3. e3 Bb7 4. Nf3 g6 5. Be2 Bg7 6. h3 d6 7. O-O O-O 8. Nbd2 Nbd7 9. Re1 c5 10. c3 a6 11. Rb1 b5 12. Qc2 Rc8 13. Rbc1 Qb6 14. Red1 Rfd8 15. Nf1 c4 16. a3 a5 17. Ra1 Rc7 18. Ne1 Rdc8 19. Bf3 Bxf3 20. Nxf3 b4 21. a4 Nd5 22. Bh2 bxc3 23. bxc3 Qb3 24. Rdc1 Qxc2 25. Rxc2 Rb7 26. N1d2 e5 27. dxe5 dxe5 28. Ne4 Rb3 29. Rd2 N5b6 30. Rd6 f5 31. Neg5 h6 32. Ne6 e4 33. Nfd4 Rxc3 0-1

[Event "Delancey UK Schools 2019 U14"]
[Site "Daventry"]
[Date "2019.09.24"]
[Round "2.1"]
[White "Volovich, Julia"]
[Black "Ratnesan, Ranesh"]
[Result "0-1"]
[ECO "D17"]
[WhiteElo "1743"]
[BlackElo "2180"]
[Annotator "ChessBase"]
[PlyCount "70"]
[EventDate "2019.09.24"]
[EventCountry "GBR"]
[SourceTitle "playchess.com"]
[Source "ChessBase"]
[SourceQuality "1"]
[TimeControl "40/5400+30:1800+30"]

1. d4 d5 2. c4 c6 3. Nf3 Nf6 4. Nc3 dxc4 5. a4 Bf5 6. Ne5 Nbd7 7. Nxc4 Qc7 8. g3 e5 9. dxe5 Nxe5 10. Bf4 Nfd7 11. Bg2 g5 12. Ne3 gxf4 13. Nxf5 O-O-O 14. Qc2 Bb4 15. O-O fxg3 16. hxg3 Kb8 17. Rfd1 h5 18. Ne4 a5 19. Rac1 Ng6 20. Ned6 Nde5 21. Nc4 Rxd1+ 22. Rxd1 h4 23. Nxe5 Qxe5 24. Rd7 Qe6 25. Qd3 Ne5 26. Rd8+ Kc7 27. Ng7 Qe7 28. Rxh8 Nxd3 29. exd3 hxg3 30. fxg3 Qe5 31. Ne8+ Kb6 32. Rh7 Qxe8 33. Kf2 Bc5+ 34. Kf1 Qe6 35. Be4 Qf6+ 0-1

[Event "Delancey UK Schools 2019 U14"]
[Site "Daventry"]
[Date "2019.09.24"]
[Round "2.2"]
[White "Balaji, Aaravamudhan"]
[Black "Bansal, Saahil"]
[Result "1-0"]
[ECO "E24"]
[WhiteElo "2086"]
[BlackElo "1655"]
[Annotator "NA"]
[PlyCount "99"]
[EventDate "2019.09.24"]
[EventCountry "GBR"]
[SourceTitle "playchess.com"]
[Source "ChessBase"]
[SourceQuality "1"]
[TimeControl "40/5400+30:1800+30"]

1. d4 Nf6 2. c4 e6 3. Nc3 Bb4 4. a3 Bxc3+ 5. bxc3 b6 6. f3 Bb7 7. e4 d6 8. Bd3 Nbd7 9. Ne2 O-O 10. O-O h6 11. Ng3 e5 12. Nf5 Kh7 13. Qe1 Ng8 14. f4 Ne7 15. fxe5 dxe5 16. Qg3 Nxf5 17. exf5 e4 18. Bc2 Nf6 19. Bf4 c5 20. d5 Ba6 21. Bb3 Nh5 22. Qe3 Re8 23. Ba4 Nxf4 24. Bxe8 Nxd5 25. cxd5 Bxf1 26. Bc6 Bd3 27. Bxa8 Qxa8 28. d6 Qc6 29. Qf4 f6 30. h4 Kg8 31. Kf2 Kf7 32. g4 c4 33. Re1 Qc5+ 34. Kg3 Ke8 35. g5 hxg5 36. hxg5 fxg5 37. Rxe4+ Bxe4 38. Qxe4+ Kd7 39. Qe7+ Kc6 40. Qc7+ Kd5 41. Qxc5+ Kxc5 42. d7 Kc6 43. d8=Q Kb7 44. Qxg5 a5 45. Qxg7+ Ka6 46. f6 b5 47. f7 b4 48. a4 b3 49. f8=Q b2 50. Qd6# 1-0

[Event "Delancey UK Schools 2019 U14"]
[Site "Daventry"]
[Date "2019.09.24"]
[Round "2.3"]
[White "Kan, Toby"]
[Black "Saidmurodov, Shahjahon"]
[Result "1-0"]
[ECO "C51"]
[WhiteElo "1714"]
[BlackElo "1782"]
[Annotator "NA"]
[PlyCount "99"]
[EventDate "2019.09.24"]
[EventCountry "GBR"]
[SourceTitle "playchess.com"]
[Source "ChessBase"]
[SourceQuality "1"]
[TimeControl "40/5400+30:1800+30"]

1. e4 e5 2. Nf3 Nc6 3. Bc4 Bc5 4. b4 Nxb4 5. c3 Nc6 6. d4 exd4 7. O-O d3 8. Ng5 Ne5 9. Nxf7 Nxf7 10. Bxf7+ Kxf7 11. Qh5+ Kf8 12. Qxc5+ d6 13. Qc4 Nf6 14. Qxd3 Qe7 15. Nd2 Kf7 16. Ba3 Re8 17. Rfe1 Qe5 18. Nf3 Qh5 19. Qc4+ Be6 20. Qxc7+ Kg8 21. Qxd6 Rad8 22. Qc5 Rd3 23. Qxh5 Nxh5 24. Bb4 b6 25. Rad1 Red8 26. Nd4 Rxd1 27. Rxd1 Bxa2 28. Ra1 a5 29. Ba3 Bc4 30. Bb2 Nf4 31. f3 Nd3 32. Bc1 Nxc1 33. Rxc1 a4 34. Ra1 b5 35. Ra3 Rxd4 36. cxd4 Bb3 37. Kf2 b4 38. Ra1 a3 39. Rb1 a2 40. Rxb3 a1=Q 41. Rxb4 Qc3 42. Rb8+ Kf7 43. d5 Qd2+ 44. Kg3 g5 45. Rb7+ Kg6 46. Rb6+ Kh5 47. h3 Qf4+ 48. Kf2 Qe5 49. g4+ Kh4 50. Rh6# 1-0

[Event "Delancey UK Schools 2019 U14"]
[Site "Daventry"]
[Date "2019.09.24"]
[Round "2.4"]
[White "Hosdurga, Chirag"]
[Black "Weersing, Abigail Riis"]
[Result "1-0"]
[ECO "D91"]
[WhiteElo "1786"]
[BlackElo "1734"]
[Annotator "NA"]
[PlyCount "61"]
[EventDate "2019.09.24"]
[EventCountry "GBR"]
[SourceTitle "playchess.com"]
[Source "ChessBase"]
[SourceQuality "1"]
[TimeControl "40/5400+30:1800+30"]

1. Nf3 Nf6 2. c4 g6 3. d4 d5 4. Nc3 c6 5. Bg5 Bg7 6. e3 Bg4 7. Be2 O-O 8. O-O Nbd7 9. cxd5 Nxd5 10. h3 Be6 11. e4 Nxc3 12. bxc3 Nf6 13. Nd2 Qd7 14. Bxf6 Bxf6 15. Qc2 c5 16. e5 Bg7 17. Nb3 Bxb3 18. axb3 Qc7 19. Qe4 Rfd8 20. f4 cxd4 21. cxd4 Qb6 22. Rad1 Qxb3 23. Kh1 Qb6 24. d5 Rac8 25. Bg4 Rc3 26. Rfe1 h5 27. Bf3 Rdc8 28. d6 exd6 29. Rxd6 Qf2 30. Red1 b6 31. e6 1-0

[Event "Delancey UK Schools 2019 U14"]
[Site "Daventry"]
[Date "2019.09.24"]
[Round "2.6"]
[White "Yoon, Jacob D"]
[Black "Akeya-Price, Robert"]
[Result "0-1"]
[ECO "D00"]
[WhiteElo "2086"]
[BlackElo "1892"]
[Annotator "NA"]
[PlyCount "75"]
[EventDate "2019.09.24"]
[EventCountry "GBR"]
[SourceTitle "playchess.com"]
[Source "ChessBase"]
[SourceQuality "1"]
[TimeControl "40/5400+30:1800+30"]

1. d4 Nf6 2. Nc3 d5 3. Bf4 c6 4. f3 e6 5. e4 Bb4 6. e5 Nfd7 7. a3 Be7 8. Nb1 Qa5+ 9. c3 c5 10. Nd2 Qb6 11. Qc2 Nc6 12. dxc5 Bxc5 13. Nh3 Ncxe5 14. Bxe5 Nxe5 15. O-O-O Bd7 16. Be2 Bb5 17. Rhe1 Ng6 18. f4 Ne7 19. f5 Bxe2 20. Rxe2 O-O-O 21. fxe6 fxe6 22. Ng5 Be3 23. Nf7 Rhf8 24. Nxd8 Rxd8 25. Kb1 Nf5 26. g4 Nd6 27. Nf1 Nc4 28. Ka2 Bc5 29. Rde1 Re8 30. Nd2 Ne3 31. Qd3 Nxg4 32. h3 Nf6 33. Nb3 Bd6 34. Rxe6 Rxe6 35. Rxe6 Kd7 36. Qf5 Kc7 37. Nd4 Qc5 38. Rxf6 0-1

[Event "Delancey UK Schools 2019 U14"]
[Site "Daventry"]
[Date "2019.09.24"]
[Round "2.7"]
[White "Wang, Susie"]
[Black "Sheikh, Anum"]
[Result "1/2-1/2"]
[ECO "B84"]
[WhiteElo "1515"]
[BlackElo "1755"]
[Annotator "NA"]
[PlyCount "92"]
[EventDate "2019.09.24"]
[EventCountry "GBR"]
[SourceTitle "playchess.com"]
[Source "ChessBase"]
[SourceQuality "1"]
[TimeControl "40/5400+30:1800+30"]

1. e4 c5 2. Nf3 e6 3. d4 cxd4 4. Nxd4 Nf6 5. Nc3 d6 6. Be3 a6 7. Be2 Be7 8. O-O O-O 9. Qd2 Qc7 10. a4 b6 11. f4 Bb7 12. Bf3 Nbd7 13. Rfd1 Rfd8 14. Nb3 Nc5 15. Nxc5 dxc5 16. Qf2 Rac8 17. Qg3 Kh8 18. h4 Qb8 19. e5 Nd5 20. Nxd5 Bxd5 21. Bf2 Qb7 22. Bh5 Bf8 23. Kh2 b5 24. axb5 axb5 25. Ra3 b4 26. Ra5 Ra8 27. Rda1 Rxa5 28. Rxa5 Qc7 29. Ra1 Ra8 30. Rxa8 Bxa8 31. Qd3 c4 32. Qd4 h6 33. c3 b3 34. Be2 Bd5 35. Kg3 Qc6 36. Bf3 Bxf3 37. gxf3 Kh7 38. h5 Qb5 39. Qa7 Kg8 40. Kg4 f5+ 41. Kg3 Qd5 42. Bd4 Qc6 43. Qa5 Qb7 44. Kf2 Be7 45. Kg3 Qc8 46. Qb6 Kf7 1/2-1/2

[Event "Delancey UK Schools 2019 U14"]
[Site "Daventry"]
[Date "2019.09.24"]
[Round "2.8"]
[White "Sheikh, Samia Zannat"]
[Black "Dicen, Imogen"]
[Result "1-0"]
[ECO "A85"]
[WhiteElo "1512"]
[BlackElo "1509"]
[Annotator "NA"]
[PlyCount "167"]
[EventDate "2019.09.24"]
[EventCountry "GBR"]
[SourceTitle "playchess.com"]
[Source "ChessBase"]
[SourceQuality "1"]
[TimeControl "40/5400+30:1800+30"]

1. d4 f5 2. c4 Nf6 3. Nc3 e6 4. Nf3 b6 5. Bg5 Be7 6. h3 Bb7 7. e3 a5 8. a3 Na6 9. Be2 O-O 10. O-O d6 11. Qb3 Kh8 12. Rac1 Rb8 13. Rfd1 Ne4 14. Bxe7 Qxe7 15. Nxe4 fxe4 16. Nd2 Qh4 17. Rf1 Rf6 18. Qb5 Rf5 19. Qd7 Rf6 20. d5 exd5 21. cxd5 Rbf8 22. Qg4 Qxg4 23. hxg4 Nc5 24. b4 axb4 25. axb4 Nd3 26. Rxc7 Bxd5 27. b5 Nxf2 28. g5 Rf5 29. g4 Nxg4 30. Bxg4 Rxf1+ 31. Nxf1 Kg8 32. Rd7 Bc4 33. Nd2 Bxb5 34. Rxd6 Bd3 35. Rxb6 Ra8 36. Bf5 Ra1+ 37. Kf2 Ra5 38. Bxe4 Bxe4 39. Nxe4 Ra8 40. Nd6 Kf8 41. Rb7 Ra6 42. Nc4 Rc6 43. Ne5 Re6 44. Nf3 Rg6 45. e4 Re6 46. Ke3 Rd6 47. e5 Re6 48. Ke4 Rg6 49. Kd5 Ke8 50. e6 Kd8 51. Kd6 Kc8 52. Rd7 h6 53. gxh6 gxh6 54. Ne5 Rg1 55. Ke7 Rg7+ 56. Nf7 h5 57. Kf8 Rg6 58. Rd8+ Kc7 59. e7 Re6 60. e8=Q Rxe8+ 61. Rxe8 h4 62. Re3 Kd7 63. Ng5 Kd6 64. Kf7 Kd5 65. Rh3 Ke5 66. Rxh4 Kf5 67. Nh7 Ke5 68. Rh6 Kf5 69. Rh5+ Kg4 70. Re5 Kf4 71. Kf6 Kg4 72. Rf5 Kh4 73. Kg6 Kg4 74. Rf7 Kh4 75. Rf4+ Kg3 76. Kg5 Kh3 77. Rf6 Kg3 78. Rf5 Kh3 79. Rf3+ Kh2 80. Kg4 Kg2 81. Rf5 Kh2 82. Rf2+ Kg1 83. Kg3 Kh1 84. Rf1# 1-0

[Event "Delancey UK Schools 2019 U14"]
[Site "Daventry"]
[Date "2019.09.24"]
[Round "2.9"]
[White "Clarke, Connor"]
[Black "Headlong, Georgia"]
[Result "1-0"]
[ECO "A45"]
[WhiteElo "1711"]
[BlackElo "1464"]
[Annotator "NA"]
[PlyCount "135"]
[EventDate "2019.09.24"]
[EventCountry "GBR"]
[SourceTitle "playchess.com"]
[Source "ChessBase"]
[SourceQuality "1"]
[TimeControl "40/5400+30:1800+30"]

1. d4 Nf6 2. Nc3 e6 3. Bf4 b6 4. e4 Bb4 5. Qd3 Ba6 6. Qf3 Bxf1 7. Kxf1 O-O 8. Nge2 Nc6 9. Bg5 Bxc3 10. bxc3 e5 11. d5 Na5 12. Ng3 Nc4 13. Kg1 h6 14. Bxf6 Qxf6 15. Qxf6 gxf6 16. Nh5 d6 17. Nxf6+ Kg7 18. Nh5+ Kg6 19. Ng3 Na3 20. Rd1 Nxc2 21. Nf5 Kh7 22. Rd3 Rg8 23. Kf1 Na3 24. g3 Nc4 25. Ke2 b5 26. Rb1 Rgb8 27. Ne3 a5 28. Nxc4 bxc4 29. Rdd1 a4 30. Kd2 a3 31. Rb4 Rxb4 32. cxb4 Kg6 33. Rc1 Rb8 34. Rxc4 Rb7 35. Kc3 Kg5 36. f3 h5 37. h4+ Kf6 38. Kb3 Ra7 39. b5 Ra5 40. Rxc7 Rxb5+ 41. Kxa3 Rb1 42. Rc6 Rf1 43. Rxd6+ Ke7 44. Rh6 Rxf3+ 45. Kb4 Rxg3 46. Rxh5 Rg4 47. Rxe5+ Kd6 48. Re8 Rxh4 49. Kc3 Rh3+ 50. Kd4 Ra3 51. Rh8 Ra4+ 52. Ke3 Rxa2 53. Rh6+ Ke5 54. Rh5+ Kd6 55. Rf5 Ra3+ 56. Kf4 Ra7 57. Rf6+ Ke7 58. Ke5 Ra5 59. Rb6 Kd7 60. Rb7+ Ke8 61. Rc7 Rb5 62. Kd6 Rb6+ 63. Rc6 Rb8 64. Kc7 Rb4 65. d6 Rd4 66. e5 Rd5 67. Kc8 Rd4 68. Rc7 1-0

[Event "Delancey UK Schools 2019 U14"]
[Site "Daventry"]
[Date "2019.09.24"]
[Round "2.10"]
[White "Ismail, Mohammed Aayan"]
[Black "Anika Rachna Roy"]
[Result "1-0"]
[ECO "A10"]
[WhiteElo "1583"]
[BlackElo "1392"]
[Annotator "NA"]
[PlyCount "95"]
[EventDate "2019.09.24"]
[EventCountry "GBR"]
[SourceTitle "playchess.com"]
[Source "ChessBase"]
[SourceQuality "1"]
[TimeControl "40/5400+30:1800+30"]

1. c4 b6 2. Nc3 Bb7 3. e4 e6 4. Nge2 g6 5. g3 Bg7 6. Bg2 c5 7. d3 Nc6 8. Bf4 a6 9. Qd2 Nge7 10. Bh6 O-O 11. Bxg7 Kxg7 12. h4 Ng8 13. Qe3 e5 14. Nd5 Nd4 15. Nxd4 cxd4 16. Qd2 Bxd5 17. cxd5 d6 18. Rc1 Rc8 19. Bh3 Rxc1+ 20. Qxc1 Ne7 21. h5 Ng8 22. hxg6 fxg6 23. Be6 h5 24. Qc6 Qf6 25. Rh2 Qg5 26. Qc7+ Ne7 27. Kd1 Qf6 28. Qxb6 Qf3+ 29. Kd2 Qf6 30. Qxd6 a5 31. Qc7 Qg5+ 32. Kd1 Qf6 33. f4 exf4 34. gxf4 Kh6 35. Rf2 Qh4 36. Ke2 Qf6 37. Qc5 Ng8 38. e5 Qd8 39. Qxd4 Qb8 40. Bxg8 Rxg8 41. d6 Qc8 42. Qc4 Qd8 43. d4 Re8 44. f5 Qxd6 45. fxg6 Qd7 46. Qf7 Qg4+ 47. Kd3 Qh3+ 48. Rf3 1-0